 Dungeon Sprint DCSS version 0.29.1-14-g9c671dbff4 (webtiles) character file.

Game seed: 6359639414835332769

900000 Groucho the Ducker (level 1, -1/17 HPs)
             Began as a Djinni Wanderer on Feb 12, 2023.
             Was a Follower of Makhleb.
             Slain by a bag of meat
             ... wielding a +9 war axe
              (18 damage)
             ... in the Dungeon (Sprint VIII: "Arena of Blood").
             The game lasted 00:00:28 (9 turns).

Groucho the Ducker (Djinni Wanderer)                   Turns: 9, Time: 00:00:29

Health: -1/17      AC:  3    Str: 10    XL:     1   Next: 0%
Gold:   0          EV: 13    Int: 13    God:    Makhleb [*.....] SH:  0 Dex: 13

rFire   + + .      SeeInvis .   i - +∞ Axe of Woe
rCold   x . .      Faith    .   (shield currently unavailable)
rNeg    . . .      Spirit   .   d - +0 robe
rPois   ∞          Reflect  .   (no helmet)
rElec   .          Harm     .   b - +0 cloak
rCorr   .          Rampage  .   (no gloves)
Will    .....      NoTele   +   (boots unavailable)
Stlth   ++........              (no amulet)
HPRegen 0.05/turn               (no ring)
MPRegen 0.00/turn               (no ring)

@: flying
A: sickness immunity, fire resistance 2, cold vulnerability 1, float, innate
caster, HP casting, extra vitality 1
a: Renounce Religion


You were in the Dungeon.
You worshipped Makhleb.
Makhleb was aware of your devotion.
You visited 1 branch

Inventory:

Hand Weapons
 a - a +2 falchion
 i - the +∞ Axe of Woe (weapon)
   (You found it in the Dungeon)
Armour
 b - a +0 cloak (worn)
 d - a +0 robe (worn)
Scrolls
 c - 2 scrolls of blinking
Potions
 e - a potion of curing
 f - a potion of heal wounds
 g - a potion of haste
 h - a potion of berserk rage


   Skills:
 - Level 1.0 Fighting
 - Level 2.6 Long Blades
 + Level 0.0 Axes
 + Level 3.2 Dodging
 - Level 1.0 Stealth
 - Level 1.5 Spellcasting


You couldn't memorise any spells.
You knew the following spells:

 Your Spells              Type           Power      Damage    Failure   Level
a - Summon Small Mammal   Summ           20%        N/A       14%         1
b - Summon Guardian Gole  Hex/Summ       5%         N/A       38%         3

Your spell library contained the following spells:

 Spells                   Type           Power      Damage    Failure   Level


Dungeon Overview and Level Annotations

Branches:
Dungeon (1/1)

Altars:
Makhleb


Innate Abilities, Weirdness & Mutations

You are immune to sickness and miasma.
You are immune to poison.
Your flesh is very heat resistant. (rF++)
You are vulnerable to cold. (rC-)
You float through the air rather than walking.
You learn spells naturally, not from books.
Your magical power is your life essence.
You have superior vitality. (+4 MHP)


Message History

Unknown command.
i - the +∞ Axe of Woe
i - the +∞ Axe of Woe (weapon)
Unknown command.
Unknown command.
You hear a shout! x7
A bag of meat comes into view. It is wielding a +9 war axe. x2
You hear a shout! x4
The meat berserker appears out of thin air!
A meat berserker comes into view. It is wielding a +9 battleaxe.
The bag of meat shouts!
The meat berserker shouts!
The bag of meat shouts!
You hear a shout! x8
A bag of meat comes into view. It is wielding a +9 war axe.
There is a burning altar of Makhleb here.
You hover solemnly before the altar of Makhleb.
Makhleb welcomes you!
The bag of meat shouts!
You hear a shout! x4
A bag of meat comes into view. It is wielding a +9 war axe.
You hear a shout! x4
The bag of meat shouts!
You hear a shout! x3
You hear a shout!
A bag of meat comes into view. It is wielding a +9 war axe. x2
You hear a shout! x5; The bag of meat shouts! x2
There is a staircase leading out of the dungeon here.
You hear a shout! x5
Unknown command.
Unknown command.
You hear a shout! x9
You slash the meat berserker!
You fatally mangle the meat berserker.
You kill the meat berserker!
Makhleb accepts your kill.
You hit the bag of meat.
You hew the bag of meat savagely.
You kill the bag of meat!
Makhleb accepts your kill.
You can now gain health from killing.
You hear a shout! x18
A bag of meat comes into view. It is wielding a +9 war axe.
You hear a shout!
The bag of meat hits you with a +9 war axe!!
Ouch! That really hurt!
You die...

... ..... #..
...# . #.. ...#
. ..###..
..o###..
......###o.....
......_o.....
#..)..# #_@<._#
#..o..#
......_......
......###....o.
..###..
...###.. . #..
...# . #.. ...#
... .....


You could see 5 bags of meat.

Vanquished Creatures
  An ogre (D)
  An orc (D)
2 creatures vanquished.

Notes
Turn   | Place    | Note
-------+----------+-------------------------------------------
     0 | D        | Found the +∞ Axe of Woe
     0 | D        | Groucho the Djinni Wanderer began the quest for the Orb.
     0 | D        | Groucho set off with the following items: a +2 falchion, a
                  | +0 cloak, 2 scrolls of blinking, a +0 robe, a potion of
                  | curing, a potion of heal wounds, a potion of haste, a
                  | potion of berserk ragethe following spells memorised:
                  | Summon Small Mammal, Summon Guardian Golem.
     0 | D        | Reached XP level 1. HP: 17/17 MP: 0/0
     2 | D        | Noticed a bag of meat
     2 | D        | Noticed a bag of meat
     3 | D        | Noticed a meat berserker
     3 | D        | Noticed a bag of meat
     4 | D        | Became a worshipper of Makhleb the Destroyer
     4 | D        | Noticed a bag of meat
     6 | D        | Noticed a bag of meat
     6 | D        | Noticed a bag of meat
     9 | D        | Killed a meat berserker
     9 | D        | Killed a bag of meat
     9 | D        | Reached * piety under Makhleb
     9 | D        | Noticed a bag of meat
     9 | D        | Slain by a bag of meat

Illustrated notes

Levels and vault maps discovered:
D:        meatsprint

Action                   || total
-------------------------++-------
Melee: Executioner's axe ||     1
